 Dungeon Crawl Stone Soup version 0.21.1-1-g345015f (webtiles) character file.

9102 empire the Protected (level 11, -4/84 HPs)
             Began as a Minotaur Fighter on June 6, 2018.
             Was an Elder of Cheibriados.
             Killed from afar by a gargoyle (11 damage)
             ... with a stone arrow
             ... on level 10 of the Dungeon.
             The game lasted 00:23:36 (11265 turns).

empire the Protected (Minotaur Fighter)            Turns: 11265, Time: 00:23:37

Health: -4/84      AC: 19    Str: 32    XL:     11   Next: 18%
Magic:  13/16      EV: 10    Int: 14    God:    Cheibriados [****..]
Gold:   569        SH: 11    Dex: 20    Spells: 10/10 levels left

rFire    . . .     SeeInvis .   a - +0 long sword
rCold    . . .     Gourm    +   c - +0 shield
rNeg     . . .     Faith    .   m - +0 plate armour
rPois    .         Spirit   .   t - +1 hat
rElec    .         Reflect  .   P - +0 cloak {MR+}
rCorr    +         Harm     .   (no gloves)
MR       +....                  V - +0 pair of boots
Stlth    ..........             K - amulet of the gourmand
HPRegen  0.24/turn              G - ring of resist corrosion
MPRegen  0.15/turn              (no ring)

@: very slow
A: retaliatory headbutt, horns 2
a: Bend Time, Temporal Distortion, Slouch, Renounce Religion


You were on level 10 of the Dungeon.
You worshipped Cheibriados.
Cheibriados was greatly pleased with you.
You were hungry.

You visited 2 branches of the dungeon, and saw 11 of its levels.
You also visited: Sewer.

You collected 569 gold pieces.

Inventory:

Hand Weapons
 a - a +0 long sword (weapon)
Missiles
 w - 3 tomahawks of dispersal (quivered)
 U - 8 silver javelins
Armour
 c - a +0 shield (worn)
 m - a +0 plate armour (worn)
 t - a +1 hat (worn)
 P - a +0 cloak of magic resistance (worn)
 V - a +0 pair of boots (worn)
Jewellery
 G - a ring of resist corrosion (left hand)
 K - an amulet of the gourmand (around neck)
 O - an uncursed ring of teleportation
Wands
 b - a wand of digging (23)
 d - a wand of paralysis (10)
 A - a wand of acid (7)
 D - a wand of polymorph (24)
 I - a wand of flame (34)
Scrolls
 e - a scroll of amnesia
 h - 3 scrolls of remove curse
 i - 4 scrolls of teleportation
 l - a scroll of noise
 o - a scroll of brand weapon
 p - 2 scrolls of immolation
 N - a scroll of enchant armour
 S - a scroll of fog
Potions
 g - 2 potions of curing
 k - a potion of flight
 q - a potion of cancellation
 u - a potion of brilliance
 B - a potion of heal wounds
 W - a potion of might
Miscellaneous
 z - a lamp of fire
Comestibles
 f - 15 rations


   Skills:
 - Level 4.0 Fighting
 + Level 11.2 Long Blades
 + Level 11.2 Armour
 + Level 6.3 Dodging
 - Level 4.0 Shields
 + Level 4.2 Invocations
 + Level 8.3 Evocations


You had 10 spell levels left.
You didn't know any spells.

Dungeon Overview and Level Annotations

Branches:
Dungeon (10/15)            Temple (1/1) D:4            Lair (0/6) D:8
    Orc: D:9-12

Altars:
Ashenzari
Cheibriados
Dithmenos
Elyvilon
Fedhas
Gozag
Hepliaklqana
Kikubaaqudgha
Makhleb
Nemelex Xobeh
Okawaru
Qazlal
Ru
Sif Muna
Trog
Uskayaw
Vehumet
Wu Jian
Xom
Yredelemnul
Zin
The Shining One

Shops:
D:9 (


Innate Abilities, Weirdness & Mutations

You reflexively headbutt those who attack you in melee.
You have a pair of horns on your head.


Message History

The gargoyle barely misses you.
The orc begs, "Please don't kill me!"
The gargoyle hurls a stone arrow at you.
The stone arrow hits you!
* * * LOW HITPOINT WARNING * * *
An orc comes into view. It is wielding a hand axe.
The gargoyle barely misses you. You furiously retaliate!
You headbutt the gargoyle, but do no damage.
An orc warrior comes into view. It is wielding a long sword.
You warp the flow of time around you!
You feel somewhat more hungry.
Cheibriados lowers the support of your attributes as your movement quickens.
The gargoyle hits you with a flail!
* * * LOW HITPOINT WARNING * * *
You block the orc's attack.
The crimson imp blinks!
The gargoyle barely misses you. You furiously retaliate!
You headbutt the gargoyle, but do no damage.
You block the orc's attack.
The gargoyle hurls a stone arrow at you.
The stone arrow hits you!
You die...

##...).........#
#.........# #.
#.........# #.
#.........# ##.####
#.........# #.....#
#.........#
#.....####..9....##
#.........†.o5....#
#......##..@..(...#.
#.....###...........#
#.....# #.........###
###.### #.........#
#.### ##.......##
#...#####<)...##
#......(()#####
#....###### #...##


You could see a gargoyle, a crimson imp and an orc.

Vanquished Creatures
  Gastronok (D:9)
  The ghost of olivier the Chopper, a novice TrFi (D:5)
  An elephant (D:8)
  Psyche (D:8)
  A troll (D:9)
  2 hornets
  7 yaks
  A wyvern (D:8)
  A hungry ghost (D:7)
  Grum (D:9)
  A steam dragon (D:7)
  2 basilisks (D:8)
  Menkaure (D:7)
  Duvessa (D:7)
  An orc warrior (D:4)
  A black bear (D:9)
  An ice beast (D:9)
  4 phantoms
  5 sky beasts
  8 ogres
  2 wolves (D:9)
  A big kobold (D:10)
  8 bullfrogs
  Dowan (D:7)
  3 scorpions
  A water moccasin skeleton (D:8)
  A crimson imp (D:5)
  A centaur zombie (D:6)
  2 jellies
  A bullfrog zombie (D:6)
  3 hounds
  3 orc priests
  Crazy Yiuf (D:7)
  3 orc wizards
  An iguana (D:9)
  Ijyb (D:4)
  7 worker ants
  2 hound skeletons (D:8)
  A howler monkey zombie (D:8)
  A howler monkey skeleton (D:7)
  16 adders
  2 shadow imps
  5 oozes
  An adder zombie (D:5)
  An adder skeleton (D:4)
  A worm (D:2)
  3 dart slugs
  8 leopard geckos
  19 orcs
  8 bats
  7 giant cockroaches
  6 goblins
  9 hobgoblins
  8 jackals
  2 quokkas
  5 ball pythons
  11 frilled lizards
  A jackal skeleton (D:4)
  14 kobolds
  A leopard gecko zombie (D:6)
  A quokka skeleton (D:6)
  A quokka zombie (D:5)
  7 rats
  3 fungi (D:7)
226 creatures vanquished.

Vanquished Creatures (others)
  A fungus (D:6)
1 creature vanquished.

Grand Total: 227 creatures vanquished

Notes
Turn   | Place    | Note
-------+----------+-------------------------------------------
     0 | D:1      | empire the Minotaur Fighter began the quest for the Orb.
     0 | D:1      | Reached XP level 1. HP: 19/19 MP: 0/0
    69 | D:1      | Reached XP level 2. HP: 16/27 MP: 1/1
   260 | D:1      | Reached XP level 3. HP: 33/33 MP: 2/2
   726 | D:2      | Found a sacrificial altar of Ru.
  1021 | D:2      | Reached skill level 1 in Dodging
  1021 | D:2      | Reached XP level 4. HP: 30/40 MP: 3/3
  1822 | D:3      | Reached skill level 5 in Long Blades
  1871 | D:3      | Reached XP level 5. HP: 34/46 MP: 4/4
  2068 | D:3      | You fall through a shaft for 2 floors!
  2068 | D:5      | Entered Level 5 of the Dungeon
  2083 | D:5      | Noticed an ogre
  2094 | D:5      | Killed an ogre
  2095 | D:5      | Found a shimmering altar of Xom.
  2309 | D:3      | Found a shattered altar of Ashenzari.
  2923 | D:4      | Reached XP level 6. HP: 52/52 MP: 5/5
  2969 | D:4      | Noticed Ijyb
  2976 | D:4      | Killed Ijyb
  2983 | D:4      | Reached XP level 7. HP: 27/59 MP: 6/6
  3183 | D:4      | Found a staircase to the Ecumenical Temple.
  3195 | Temple   | Entered the Ecumenical Temple
  3304 | Temple   | Became a worshipper of Cheibriados the Contemplative
  3476 | D:4      | Reached skill level 1 in Evocations
  4511 | D:5      | Found a blossoming altar of Fedhas.
  4654 | D:5      | Noticed olivier's ghost (novice TrFi)
  4656 | D:5      | Reached skill level 5 in Armour
  5004 | D:6      | Reached XP level 8. HP: 44/66 MP: 8/8
  5062 | D:6      | Found a glowing drain.
  5071 | Sewer    | Entered a sewer
  5082 | Sewer    | Reached * piety under Cheibriados
  5881 | D:6      | HP: 2/66 [something/ball of steam (18)]
  6137 | D:6      | Reached ** piety under Cheibriados
  6596 | D:7      | Noticed Menkaure
  6602 | D:7      | Killed Menkaure
  7169 | D:7      | Reached XP level 9. HP: 60/71 MP: 11/11
  7187 | D:7      | Reached skill level 10 in Long Blades
  7363 | D:7      | Reached skill level 5 in Evocations
  7773 | D:5      | Killed olivier's ghost
  8136 | D:7      | Noticed Duvessa
  8137 | D:7      | Noticed Dowan
  8144 | D:7      | Killed Duvessa
  8148 | D:7      | Killed Dowan
  8161 | D:7      | Found a glowing silver altar of Zin.
  8349 | D:7      | Found a runed door.
  8353 | D:7      | Noticed Crazy Yiuf
  8356 | D:7      | Killed Crazy Yiuf
  8464 | D:8      | Reached *** piety under Cheibriados
  8490 | D:8      | Found a hazy altar of Hepliaklqana.
  8586 | D:8      | Found a staircase to the Lair.
  8586 | D:8      | Noticed an elephant
  8597 | D:8      | Killed an elephant
  8597 | D:8      | Reached skill level 10 in Armour
  8610 | D:8      | Reached XP level 10. HP: 39/78 MP: 14/14
  9131 | D:8      | Noticed Psyche
  9139 | D:8      | Killed Psyche
  9545 | D:9      | Reached skill level 1 in Invocations
  9567 | D:9      | Paralysed by a hornet for 3 turns
  9600 | D:9      | Reached skill level 5 in Dodging
  9606 | D:9      | Noticed Gastronok
  9634 | D:9      | HP: 5/117 [Gastronok (23)]
  9640 | D:9      | HP: 4/117 [Gastronok (11)]
  9642 | D:9      | Killed Gastronok
  9642 | D:9      | Reached XP level 11. HP: 4/84 MP: 16/16
 10029 | D:9      | Found Kuywuisk's Weapon Emporium.
 10063 | D:9      | Noticed Grum
 10067 | D:9      | Reached **** piety under Cheibriados
 10081 | D:9      | Killed Grum
 10392 | D:9      | Got a dazzling leather armour
 11189 | D:10     | Entered Level 10 of the Dungeon
 11265 | D:10     | Killed from afar by a gargoyle

Skill      XL: |  1  2  3  4  5  6  7  8  9 10 11 |
---------------+----------------------------------+-----
Long Blades    | 3 4 5 6 7 8 9 10 11 | 11.2
Armour         | 4 5 7 10 11 | 11.2
Fighting       | 4 |  4.0
Dodging        | 1 2 4 5 6 |  6.3
Shields        | 4 |  4.0
Evocations     | 2 4 7 8 |  8.3
Invocations    | 3 4 |  4.2

Action                   |  1- 3 |  4- 6 |  7- 9 | 10-12 || total
-------------------------+-------+-------+-------+-------++-------
Melee: Long sword        |    93 |   138 |   335 |   220 ||   786
       Headbutt          |    10 |    24 |    91 |    73 ||   198
Invok: Temporal Distorti |       |       |       |     1 ||     1
  Use: Scroll            |       |    10 |    12 |     4 ||    26
       Potion            |       |     3 |     3 |     7 ||    13
  Eat: Chunk             |       |     7 |    10 |     4 ||    21
       Ration            |       |       |     1 |       ||     1
Armor: Scale mail        |    59 |    38 |    10 |       ||   107
       Chain mail        |       |       |    91 |       ||    91
       Plate armour      |       |       |    32 |    78 ||   110
       Skin              |       |       |       |    29 ||    29
Dodge: Dodged            |    40 |    34 |   109 |    72 ||   255
Block: Shield            |    53 |    69 |   158 |   159 ||   439
       Rpst.: Long sword |    10 |    14 |    32 |    18 ||    74
